 Dungeon Crawl Stone Soup version 0.17-a0-1804-gf6433eb (webtiles) character file.

119 kroki the Cutter (level 4, -5/23 HPs)
             Began as a Spriggan Berserker on Sept 11, 2015.
             Was a Believer of Trog.
             Slain by luca467's ghost (15 damage)
             ... on level 3 of the Dungeon.
             The game lasted 00:04:46 (1874 turns).

kroki the Cutter (Spriggan Berserker)               Turns: 1874, Time: 00:04:47

Health: -5/23      AC:  3    Str: 18    XL:     4   Next: 73%
Magic:  5/5        EV: 19    Int:  8    God:    Trog [**....]
Gold:   118        SH:  0    Dex: 16    Spells: 0 memorised, 3 levels left

rFire  . . .     SeeInvis +     k - +0 dagger (elec)
rCold  . . .     Clarity  .     b - +1 animal skin
rNeg   . . .     SustAt   .     (shield restricted)
rPois  .         Gourm    .     (helmet restricted)
rElec  .         Spirit   .     (no cloak)
rCorr  .         Warding  .     (gloves unavailable)
rMut   .         Stasis   .     (boots unavailable)
MR     .....                    (no amulet)
Stlth  +++.......               (no ring)
                                (no ring)

@: mighty, very quick, not resistant to hostile enchantments, fairly stealthy
A: unfitting armour, see invisible, herbivore 3, speed 3, slow metabolism 2
a: Burn Spellbooks, Berserk, Trog's Hand, Renounce Religion


You were on level 3 of the Dungeon.
You worshipped Trog.
Trog was pleased with you.
You were not hungry.

You visited 1 branch of the dungeon, and saw 3 of its levels.

You collected 118 gold pieces.

Inventory:

Hand weapons
 c - a +1 short sword of venom
   (You took it off a kobold on level 3 of the Dungeon)
 k - a +0 dagger of electrocution (weapon)
   (You took it off a goblin on level 3 of the Dungeon)
Missiles
 h - a throwing net {=f, !d =Q}
Armour
 b - a +1 animal skin (worn)
Scrolls
 a - 3 scrolls of remove curse
 d - a scroll of teleportation
 e - 2 scrolls of identify
 f - 2 scrolls of enchant armour
 j - a scroll of recharging
Potions
 g - 2 potions of curing


   Skills:
 - Level 2.4 Fighting
 + Level 5.4 Short Blades
 - Level 4.4 Dodging
 * Level 3.5 Stealth


You had 3 spell levels left.
You didn't know any spells.

Dungeon Overview and Level Annotations

Branches:
Dungeon (3/15)

Altars:
Fedhas

Annotations:
D:3 luca467's ghost, average MiGl


Innate Abilities, Weirdness & Mutations

You are tiny and cannot use many weapons and most armour.
You have supernaturally acute eyesight.
You are a herbivore.
You cover ground extremely quickly.
You need consume almost no food.


Message History

You are no longer poisoned.
You take 1 damage, and have 15/23 hp.
Unknown command.
e - 2 scrolls of identify (gained 1)
You see here a chunk of flesh {@w0}.
Things that are here:
a short sword of venom; a kobold corpse
c - a short sword of venom Wield which item (- for none, * to show all)? (? for menu, Esc to quit)
It begins to drip with poison!
c - a +1 short sword of venom (weapon)
Unknown command.
Drop what? 9/52 slots (_ for help) (? for menu, Esc to quit)
You drop a +0 short sword.
g - 2 potions of curing (gained 1)
a - a scroll of remove curse You regained 2 hp, and now have 17/23 hp.
i - a fizzy coppery potion You feel yourself speed up.
A quokka skeleton comes into view.
Found a stone staircase leading down.
A quokka skeleton is nearby!
A quokka skeleton is nearby!
A quokka skeleton is nearby!
You see here a dagger.
You feel less exhausted. The quokka skeleton misses you.
You hit the quokka skeleton. The quokka skeleton closely misses you.
You hit the quokka skeleton.
You destroy the quokka skeleton!
k - a scroll labeled NIARAYX RIFUA Read which item? (? for menu, Esc to quit)
As you read the scroll labeled NIARAYX RIFUA, it crumbles to dust.
The dust glows brilliant pink!
It was a scroll of random uselessness.
a - 2 scrolls of remove curse (gained 1)
e - 3 scrolls of identify (gained 1)
A hobgoblin comes into view. It is wielding a club.
The hobgoblin shouts!
A hobgoblin is nearby!
A hobgoblin is nearby!
A hobgoblin is nearby!
The hobgoblin barely misses you.
You hit the hobgoblin.
You kill the hobgoblin!
Trog accepts your kill.
You see here a club.
Search for what [? for help]? ego A goblin comes into view.
It is wielding a dagger of electrocution.
A goblin is nearby!
A goblin is nearby!
A goblin is nearby!
The helpless goblin fails to defend itself.
You puncture the goblin!
You kill the goblin!
Trog accepts your kill.
You see here a dagger of electrocution.
k - a dagger of electrocution Wield which item (- for none, * to show all)? (? for menu, Esc to quit)
Your +1 short sword of venom stops dripping with poison.
You hear the crackle of electricity.
k - a +0 dagger of electrocution (weapon)
An adder comes into view.
An adder is nearby!
An adder is nearby!
An adder is nearby!
An adder is nearby!
The helpless adder fails to defend itself.
You impale the adder!!
There is a sudden explosion of sparks!
You kill the adder!
Trog accepts your kill.
You now have 102 gold pieces (gained 9).
a - 3 scrolls of remove curse (gained 1)
You now have 118 gold pieces (gained 16).
Luca467's ghost (average Minotaur Gladiator) comes into view.
Luca467's ghost moves out of view.
Found a stone staircase leading down.
Wield which item (- for none, * to show all)? (? for menu, Esc to quit)
Okay, then.
Read which item? (? for menu, Esc to quit)
Identify which item? (\ to view known items) (? for menu, Esc to quit)
As you read the scroll of identify, it crumbles to dust.
i - a potion of might Unknown command.
Luca467's ghost turns its malevolent gaze towards you.
Health restored: 23 Drink which item? (? for menu, Esc to quit)
You feel very mighty all of a sudden.
A bat comes into view.
Unknown command.
Luca467's ghost misses you.
You hit luca467's ghost.
There is a sudden explosion of sparks!
You hit luca467's ghost. The bat misses you. Luca467's ghost hits you.
The bat closely misses you.
You take 2 damage, and have 21/23 hp.
You barely miss luca467's ghost. The bat misses you. Luca467's ghost hits you!
You take 11 damage, and have 10/23 hp.
MASSIVE DAMAGE!!
You closely miss luca467's ghost. The bat misses you. Luca467's ghost hits you!
Ouch! That really hurt!
You die...

#...###### ##..
...####...#.....
#.........##.........
#...#.....##.........
#...#................
#....................
#.(....?.............
#...Wb...............
..#...@................
.......>..........).....
..#...?.................
#..........##.........
#...#.#....##.........
.......#...............
........#..........†....
...!.....#..........####.
..#####.#####.#....# #


You could see luca467's ghost and a bat.

Vanquished Creatures
  A gnoll (D:1)
  3 adders
  5 oozes
  A worm (D:2)
  A giant gecko (D:2)
  7 giant cockroaches
  5 goblins
  8 hobgoblins
  2 ball pythons (D:1)
  6 bats
  A giant newt (D:2)
  4 jackals (D:1)
  4 kobolds
  A quokka skeleton (D:3)
  7 rats
56 creatures vanquished.

Notes
Turn   | Place    | Note
--------------------------------------------------------------
     0 | D:1      | kroki the Spriggan Berserker began the quest for the Orb.
     0 | D:1      | Reached XP level 1. HP: 11/11 MP: 2/2
     1 | D:1      | Found a runed door.
    26 | D:1      | Reached skill level 4 in Short Blades
    26 | D:1      | Reached XP level 2. HP: 16/16 MP: 3/3
    65 | D:1      | HP: 3/16 [jackal (3)]
   108 | D:1      | HP: 4/24 [ooze (3)]
   328 | D:1      | Reached XP level 3. HP: 15/19 MP: 4/4
   381 | D:1      | Acquired Trog's second power
   551 | D:1      | Reached skill level 5 in Short Blades
   551 | D:1      | Reached skill level 1 in Stealth
  1170 | D:2      | Reached XP level 4. HP: 23/23 MP: 5/5
  1201 | D:2      | Reached skill level 2 in Stealth
  1586 | D:3      | Found a blossoming altar of Fedhas.
  1586 | D:3      | Noticed a phantom
  1660 | D:3      | Reached skill level 3 in Stealth
  1855 | D:3      | Noticed luca467's ghost (average MiGl)
  1874 | D:3      | Slain by luca467's ghost

Vault maps used:
D:1:      dpeg_arrival_caged_fury
D:3:      nicolae_overflow_crystal_walls, first_bread, grunt_ministairs_9,
          minmay_strange_pillars, uniq_grinder

Action                   |  1- 3 |  4- 6 || total
-------------------------+-------+-------++-------
Melee: Short sword       |   110 |    50 ||   160
       Dagger            |       |     5 ||     5
Throw: Throwing net      |       |     4 ||     4
Invok: Berserk           |     3 |     1 ||     4
       Trog's Hand       |       |     1 ||     1
  Use: Scroll            |     3 |     4 ||     7
       Potion            |       |     1 ||     1
 Stab: Sleeping          |     3 |     5 ||     8
       Held in net/web   |       |     1 ||     1
  Eat: Bread ration      |       |     1 ||     1

Vault maps used:
D:1:      dpeg_arrival_caged_fury
D:3:      nicolae_overflow_crystal_walls, first_bread, grunt_ministairs_9,
          minmay_strange_pillars, uniq_grinder

Table legend:
 A = Turns spent in this place as a percentage of turns spent in the entire game.
 B = Non-inter-level travel turns spent in this place as a percentage of non-inter-level travel turns spent in the entire game.
 C = Inter-level travel turns spent in this place as a percentage of turns spent in this place.
 D = Turns resting spent in this place as a percentage of non-inter-level travel turns spent in this place.
 E = Turns spent auto-exploring this place as a percentage of non-inter-level travel turns spent in this place.
 F = Non-inter-level travel turns spent in this place divided by the number of levels of this place that you've seen.
                   A       B       C       D       E      F
               +-------+-------+-------+-------+-------+----------------------
         Total | 100.0 | 100.0 |   0.5 |   2.6 |   6.4 | 291.7
       Dungeon | 100.0 | 100.0 |   0.5 |   2.6 |   6.4 | 291.7
               +-------+-------+-------+-------+-------+----------------------

Table legend:
 A = Kills in this place as a percentage of kills in entire the game.
 B = Kills by you in this place as a percentage of kills by you in the entire game.
 C = Kills by friends in this place as a percentage of kills by friends in the entire game.
 D = Other kills in this place as a percentage of other kills in the entire game.
 E = Experience gained in this place as a percentage of experience gained in the entire game.
 F = Experience gained in this place divided by the number of levels of this place that you have seen.
                   A       B       C       D       E      F
               +-------+-------+-------+-------+-------+----------------------
         Total | 100.0 | 100.0 |  -nan |  -nan | 100.0 |  56.7
       Dungeon | 100.0 | 100.0 |  -nan |  -nan | 100.0 |  56.7
               +-------+-------+-------+-------+-------+----------------------
